 Dungeon Crawl Stone Soup version 0.20-a0-1020-g7b9e4fe (webtiles) character file.

11694 Rrauwl the Zephyrmancer (level 11, -1/68 HPs)
             Began as a Tengu Air Elementalist on Apr 18, 2017.
             Slain by a spiny frog (20 damage)
             ... on level 3 of the Lair of Beasts.
             The game lasted 01:20:39 (11540 turns).

Rrauwl the Zephyrmancer (Tengu Air Elementalist)   Turns: 11540, Time: 01:20:40

Health: -1/68      AC: 12    Str: 11    XL:     11   Next: 81%
Magic:  34/37      EV: 16    Int: 17    God:
Gold:   665        SH:  0    Dex: 14    Spells: 5/20 levels left

rFire    . . .     SeeInvis .   f - +3 mace (venom)
rCold    . . .     Gourm    .   (no shield)
rNeg     . . .     Faith    .   q - +2 leather armour {MR+}
rPois    +         Spirit   .   (helmet restricted)
rElec    .         Reflect  .   k - +0 cloak
rCorr    .         Harm     .   j - +1 pair of gloves
MR       +....                  (boots unavailable)
Stlth    ++........             (no amulet)
Regen    0.3/turn               y - ring of magical power
MPRegen  0.3/turn               e - ring of magical power

@: no status effects
A: beak, talons 3, molten scales 1, slimy green scales 1, poison resistance, no
potion heal 1, subdued magic 1, able to fly 1
a: Fly


You were on level 3 of the Lair of Beasts.
You were hungry.

You visited 3 branches of the dungeon, and saw 12 of its levels.

You collected 665 gold pieces.

Inventory:

Hand Weapons
 f - a +3 mace of venom (weapon)
 n - the +1 quarterstaff of the Lame Duck {venom, Str+9 Int-2 SInv}
   (You found it on level 3 of the Lair of Beasts)

   It poisons the flesh of those it strikes.
   It affects your strength (+9).
   It affects your intelligence (-2).
   It lets you see invisible.
Armour
 h - +0 ice dragon scales
 j - a +1 pair of gloves (worn)
 k - a +0 cloak (worn)
 q - a +2 leather armour of magic resistance (worn)
Jewellery
 e - a ring of magical power (right hand)
 y - a ring of magical power (left hand)
Wands
 s - a wand of digging (10/24)
 z - a wand of iceblast (10/15)
Scrolls
 d - 14 scrolls of identify
 l - 6 scrolls of remove curse
 m - a scroll of immolation
 v - 2 scrolls of recharging
 E - 4 scrolls of silence
 F - 2 scrolls of teleportation
Potions
 a - 2 potions of agility
 b - a potion of berserk rage
 r - 4 potions of heal wounds
 x - a potion of curing
 B - 2 potions of might
 D - 3 potions of ambrosia
Comestibles
 c - 5 bread rations
 g - 12 chunks of flesh
 i - 8 fruits


   Skills:
 - Level 8.0 Fighting
 - Level 4.0 Maces & Flails
 - Level 3.0 Armour
 + Level 7.2 Dodging
 - Level 2.0 Stealth
 - Level 5.0 Spellcasting
 - Level 12.0 Conjurations
 - Level 3.1 Translocations
 - Level 13.0 Air Magic
 - Level 3.0 Poison Magic
 - Level 4.0 Evocations


You had 5 spell levels left.
You knew the following spells:

 Your Spells              Type           Power        Failure   Level  Hunger
a - Shock                 Conj/Air       ####         1%          1    None
b - Airstrike             Air            #####.....   1%          4    ####...
c - Blink                 Tloc           N/A          8%          2    #......
d - Lightning Bolt        Conj/Air       #####.....   2%          5    ######.
e - Mephitic Cloud        Conj/Pois/Air  ####....     1%          3    ###....


Dungeon Overview and Level Annotations

Branches:
Dungeon (8/15)             Temple (1/1) D:7            Lair (3/6) D:8
  Swamp: Lair:2-4    Shoals: Lair:2-4     Snake: Lair:2-4    Spider: Lair:2-4

Altars:
Ashenzari
Cheibriados
Dithmenos
Elyvilon
Fedhas
Gozag
Hepliaklqana
Kikubaaqudgha
Makhleb
Nemelex Xobeh
Okawaru
Qazlal
Ru
Sif Muna
Trog
Uskayaw
Wu Jian
Xom
Yredelemnul
Zin
The Shining One

Shops:
D:7 !:%?


Innate Abilities, Weirdness & Mutations

You have a beak for a mouth.
You have claws for feet.
You can fly.
You are partially covered in molten scales. (AC +2)
You are partially covered in slimy green scales. (AC +2)
Your system is resistant to poisons. (rPois)
Potions are less effective at restoring your health.
Your spells are a little easier to cast, but a little less powerful.


Message History

Casting: Shock
Confirm with . or Enter, or press ? or * to list all spells.
Aiming: Shock
Press: ? - help, Shift-Dir - straight line, f - spiny frog
Aim: a spiny frog (moderately wounded)
The zap hits the spiny frog.
The spiny frog appears unharmed.
The spiny frog is moderately wounded.
The spiny frog stings you! x2
* * * LOW HITPOINT WARNING * * *
Casting: Shock
Confirm with . or Enter, or press ? or * to list all spells.
Aiming: Shock
Press: ? - help, Shift-Dir - straight line, f - porcupine, p - spiny frog
Aim: a porcupine (heavily wounded)
The zap hits the spiny frog.
The spiny frog is moderately wounded.
The zap hits the porcupine.
The porcupine is almost dead.
The spiny frog stings you!!
You die...

..... ....... ......
P..##......... #.....
P.P##........ .#.....
####..#P......# #......
#....##.......##
.#......###.............#
........+.......+......P#
#......##....P#.......#
.##......@#..P####....<.##
.........#F...# ##.......#
.........#....###........P
..................>..........
.............................
.(..........................
.............##.##+##....P.#
#.P####....###.# #....##.
####....#........... ......#


You could see a spiny frog.

Vanquished Creatures
  A hydra (Lair:2)
  The ghost of jotwebe the Carver, a novice BaSk (D:5)
  2 oklob plants (Lair:1)
  2 spiny frogs (Lair:2)
  3 rime drakes
  2 komodo dragons
  6 dream sheep (Lair:2)
  5 hippogriffs
  11 yaks (Lair:1)
  A hungry ghost (D:7)
  3 water moccasins
  5 porcupines
  3 phantoms
  An orc warrior (D:7)
  3 sky beasts
  A necrophage (D:5)
  2 ogres
  2 wolves (Lair:2)
  4 crocodiles
  2 big kobolds (D:8)
  2 bullfrogs (Lair:2)
  3 scorpions
  A water moccasin skeleton (D:6)
  A howler monkey (D:5)
  4 crimson imps
  3 hounds
  2 jellies
  3 orc priests
  Crazy Yiuf (D:2)
  Jessica (D:2)
  5 iguanas
  9 orc wizards
  6 worker ants
  5 gnolls
  8 adders
  3 shadow imps (D:6)
  An adder zombie (D:6)
  3 adder skeletons
  3 worms
  3 dart slugs
  5 leopard geckos
  27 orcs
  2 giant cockroaches
  10 goblins
  11 hobgoblins
  4 jackals (D:2)
  8 kobolds
  5 quokkas
  4 ball pythons
  5 bats
  8 frilled lizards
  A quokka skeleton (D:5)
  A quokka zombie (D:5)
  3 rats
  A plant (Lair:1)
222 creatures vanquished.

Notes
Turn   | Place    | Note
-------+----------+-------------------------------------------
     0 | D:1      | Rrauwl the Tengu Air Elementalist began the quest for the Orb.
     0 | D:1      | Reached XP level 1. HP: 10/10 MP: 4/4
   143 | D:1      | Reached XP level 2. HP: 9/15 MP: 6/6
   479 | D:1      | Reached XP level 3. HP: 20/20 MP: 7/7
  1118 | D:2      | Reached skill level 1 in Maces & Flails
  1122 | D:2      | Noticed Jessica
  1127 | D:2      | Killed Jessica
  1127 | D:2      | Reached skill level 1 in Fighting
  1127 | D:2      | Reached skill level 1 in Armour
  1127 | D:2      | Reached XP level 4. HP: 25/25 MP: 4/8
  1183 | D:2      | Gained mutation: You are dopey. (Int -2) [potion of mutation]
  1183 | D:2      | Gained mutation: Your flesh is heat resistant. (rF+) [potion of mutation]
  1410 | D:2      | Reached skill level 5 in Air Magic
  1489 | D:2      | Gained mutation: You can fly. [Tengu growth]
  1489 | D:2      | Reached XP level 5. HP: 23/29 MP: 9/9
  1904 | D:2      | Found a runed door.
  1910 | D:2      | Learned a level 4 spell: Airstrike
  1913 | D:2      | Noticed Crazy Yiuf
  1926 | D:2      | Killed Crazy Yiuf
  2706 | D:4      | Noticed a phantom
  2770 | D:4      | Killed a phantom
  2770 | D:4      | Reached XP level 6. HP: 7/34 MP: 6/10
  3021 | D:4      | Learned a level 2 spell: Blink
  3334 | D:4      | Reached skill level 6 in Air Magic
  3478 | D:4      | Found a sparkling altar of Nemelex Xobeh.
  3479 | D:4      | Found a hazy altar of Hepliaklqana.
  3485 | D:4      | Found a deep blue altar of Sif Muna.
  3497 | D:4      | Found a blossoming altar of Fedhas.
  3552 | D:5      | Entered Level 5 of the Dungeon
  3842 | D:5      | Reached skill level 5 in Conjurations
  3876 | D:5      | Found a shadowy altar of Dithmenos.
  3876 | D:5      | Noticed a phantom
  3892 | D:5      | Killed a phantom
  3892 | D:5      | Reached skill level 1 in Translocations
  3892 | D:5      | Reached XP level 7. HP: 33/39 MP: 10/11
  3978 | D:5      | Noticed jotwebe's ghost (novice BaSk)
  4000 | D:5      | Reached skill level 10 in Conjurations
  4000 | D:5      | Reached skill level 11 in Air Magic
  4000 | D:5      | Reached XP level 8. HP: 23/53 MP: 6/12
  4007 | D:5      | Killed jotwebe's ghost
  4458 | D:5      | Reached XP level 9. HP: 48/57 MP: 7/14
  4467 | D:5      | Gained mutation: You are partially covered in slimy green scales. (AC +2) [mutagenic meat]
  4468 | D:5      | Gained mutation: You are frail. (-10% HP) [mutagenic meat]
  4470 | D:5      | Gained mutation: Your flesh is very heat resistant. (rF++) [mutagenic meat]
  4471 | D:5      | Gained mutation: Your spells are a little harder to cast, but a little more powerful. [mutagenic meat]
  4723 | D:5      | Lost mutation: You are frail. (-10% HP) [potion of mutation]
  4723 | D:5      | Lost mutation: Your spells are a little harder to cast, but a little more powerful. [potion of mutation]
  4723 | D:5      | Lost mutation: Your flesh is very heat resistant. (rF++) [potion of mutation]
  4723 | D:5      | Gained mutation: You tend to lose your temper in combat. [potion of mutation]
  4723 | D:5      | Gained mutation: You are surrounded by a mild repulsion field. (EV +2) [potion of mutation]
  4780 | D:5      | Lost mutation: You are dopey. (Int -2) [potion of mutation]
  4780 | D:5      | Lost mutation: You are partially covered in slimy green scales. (AC +2) [potion of mutation]
  4780 | D:5      | Gained mutation: Armour fits poorly on your strangely shaped body. [potion of mutation]
  4780 | D:5      | Gained mutation: Your flesh is very heat resistant. (rF++) [potion of mutation]
  4780 | D:5      | Gained mutation: You expend magic power (3 MP) to strengthen your wands. [potion of mutation]
  4780 | D:5      | Gained mutation: You are resistant to electric shocks. (rElec) [potion of mutation]
  4885 | D:6      | Found Xyqeim's Weapon Emporium.
  5240 | D:6      | Learned a level 5 spell: Lightning Bolt
  5581 | D:6      | Found a sacrificial altar of Ru.
  5837 | D:7      | Found Letioco's Magic Scroll Boutique.
  6007 | D:7      | Learned a level 3 spell: Mephitic Cloud
  6049 | D:7      | Reached skill level 1 in Poison Magic
  6284 | D:7      | Found Itattuk's Food Shop.
  6367 | D:7      | Found Miorar's Distillery.
  6623 | D:7      | Found Guntis's Book Boutique.
  6786 | D:7      | Found a staircase to the Ecumenical Temple.
  6792 | Temple   | Entered the Ecumenical Temple
  7275 | D:8      | Reached XP level 10. HP: 52/64 MP: 17/17
  7592 | D:8      | Found a hide-covered altar of Uskayaw.
  7600 | D:8      | Reached skill level 1 in Evocations
  7619 | D:8      | Got a warped short sword {pierce}
  7620 | D:8      | Identified the cursed +1 short sword of the Foot {pierce, +Fly Int+4} (You took it off an orc wizard on level 8 of the Dungeon)
  7656 | D:8      | Found a hide-covered altar of Uskayaw.
  7807 | D:8      | Found a white marble altar of Elyvilon.
  8002 | D:8      | Found a staircase to the Lair.
  8143 | D:8      | Found a basalt altar of Yredelemnul.
  8350 | Lair:1   | Entered Level 1 of the Lair of Beasts
  8711 | Lair:1   | Noticed an oklob plant
  8712 | Lair:1   | Noticed an oklob plant
  8728 | Lair:1   | Killed an oklob plant
  8738 | Lair:1   | Killed an oklob plant
  8738 | Lair:1   | Reached skill level 5 in Dodging
  8968 | Lair:1   | Lost mutation: Armour fits poorly on your strangely shaped body. [potion of mutation]
  8968 | Lair:1   | Lost mutation: You are surrounded by a mild repulsion field. (EV +2) [potion of mutation]
  8968 | Lair:1   | Lost mutation: Your flesh is very heat resistant. (rF++) [potion of mutation]
  8968 | Lair:1   | Gained mutation: You passively map a small area around you. [potion of mutation]
  8968 | Lair:1   | Gained mutation: You are dopey. (Int -2) [potion of mutation]
  8968 | Lair:1   | Gained mutation: Your system is resistant to poisons. (rPois) [potion of mutation]
  9017 | Lair:1   | Found a basalt altar of Yredelemnul.
  9392 | Lair:1   | Reached XP level 11. HP: 20/68 MP: 18/18
 10477 | Lair:2   | Reached skill level 12 in Air Magic
 10581 | Lair:2   | Noticed a six-headed hydra
 10613 | Lair:2   | Killed a six-headed hydra
 10740 | Lair:2   | Reached skill level 13 in Air Magic
 10940 | Lair:2   | Reached skill level 5 in Spellcasting
 11379 | Lair:3   | Lost mutation: You expend magic power (3 MP) to strengthen your wands. [potion of mutation]
 11379 | Lair:3   | Lost mutation: You tend to lose your temper in combat. [potion of mutation]
 11379 | Lair:3   | Lost mutation: You passively map a small area around you. [potion of mutation]
 11379 | Lair:3   | Lost mutation: You are resistant to electric shocks. (rElec) [potion of mutation]
 11379 | Lair:3   | Lost mutation: Your flesh is heat resistant. (rF+) [potion of mutation]
 11379 | Lair:3   | Lost mutation: You are dopey. (Int -2) [potion of mutation]
 11379 | Lair:3   | Gained mutation: Potions are less effective at restoring your health. [potion of mutation]
 11379 | Lair:3   | Gained mutation: You are partially covered in slimy green scales. (AC +2) [potion of mutation]
 11379 | Lair:3   | Gained mutation: Your spells are a little easier to cast, but a little less powerful. [potion of mutation]
 11379 | Lair:3   | Gained mutation: You are partially covered in molten scales. (AC +2) [potion of mutation]
 11516 | Lair:3   | Got a polished quarterstaff
 11517 | Lair:3   | Identified the cursed +1 quarterstaff of the Lame Duck {venom, Str+9 Int-2 SInv} (You found it on level 3 of the Lair of Beasts)
 11540 | Lair:3   | Slain by a spiny frog

Vault maps used:
D:1:      lemuel_arrival_behind_the_door_large
D:2:      hangedman_decor_peaks_small, minmay_vboxes, uniq_jessica,
          uniq_crazy_yiuf_cottage
D:3:      hangedman_decor_growths
D:4:      minitemple
D:5:      grunt_dithmenos_shadows, first_bread
D:6:      kennysheep_little_box, serial_shops, nicolae_shop_trees,
          wad_floor_pattern_1
D:7:      minmay_temple_entry_enclosed_plants, serial_shops, shop_fountains,
          shop, nicolae_shop_trees, shop
D:8:      lemuel_crystal_altar, kennysheep_ying_yang, dpeg_oklobed_lair,
          basic_altar, blue_anna_alchemist
Temple:   hc_temple_tempest_star
Lair:1:   basic_altar, grunt_megastairs_2, minmay_lair_oklob_chamber
Lair:2:   beast_lair_carwin_4, lemuel_fruit_tree, infiniplex_staircase_pool

Skill      XL: |  1  2  3  4  5  6  7  8  9 10 11 |
---------------+----------------------------------+-----
Conjurations   | 2 3 4 5 10 11 12 | 12.0
Maces & Flails | 1 2 3 4 |  4.0
Fighting       | 1 7 8 |  8.0
Armour         | 1 3 |  3.0
Dodging        | 3 5 7 |  7.2
Air Magic      | 5 6 11 13 | 13.0
Translocations | 1 2 3 |  3.1
Spellcasting   | 3 4 5 |  5.0
Poison Magic   | 3 |  3.0
Evocations     | 4 |  4.0
Stealth        | |  2.0

Action                   |  1- 3 |  4- 6 |  7- 9 | 10-12 || total
-------------------------+-------+-------+-------+-------++-------
Melee: Whip              |    26 |    48 |       |       ||    74
       Kick              |     4 |    19 |    27 |    19 ||    69
       Peck              |     4 |    15 |    21 |     6 ||    46
       Mace              |       |    62 |   129 |    69 ||   260
 Cast: Shock             |    33 |    75 |   121 |   193 ||   422
       Airstrike         |       |       |     9 |    28 ||    37
       Blink             |       |       |     2 |     2 ||     4
       Lightning Bolt    |       |       |     2 |     2 ||     4
Evoke: Wand              |       |       |       |     2 ||     2
  Use: Scroll            |       |     9 |     6 |     9 ||    24
       Potion            |       |     6 |     5 |     4 ||    15
 Stab: Sleeping          |     1 |     2 |       |     1 ||     4
       Distracted        |       |       |     1 |       ||     1
  Eat: Chunk             |     1 |     8 |    14 |     4 ||    27
       Royal jelly       |       |     1 |     1 |       ||     2
       Meat ration       |       |       |     1 |       ||     1
       Fruit             |       |       |       |    17 ||    17
Armor: Robe              |     8 |    35 |       |       ||    43
       Leather armour    |       |     1 |    48 |    29 ||    78
Dodge: Dodged            |    41 |   107 |   106 |   109 ||   363
